[Event "Late-Titled-Tuesday-Blitz-August-29-2023"]
[Site "Chess.com"]
[Date "2023.08.29"]
[Round "3"]
[White "jeetjain"]
[Black "Roedor"]
[Result "1-0"]
[WhiteElo "2611"]
[BlackElo "2434"]
[TimeControl "180+1"]
[EndTime "14:29:15 PDT"]
[Termination "jeetjain won on time"]

1. d4 Nf6 2. Nf3 g6 3. Nbd2 Bg7 4. e4 d6 5. Bd3 O-O 6. c3 c5 7. O-O Nc6 8. d5 Ne5 9. Nxe5 dxe5 10. a4 Ne8 11. Nc4 f5 12. f3 Nd6 13. Be3 b6 14.
b4 cxb4 15. cxb4 Bd7 16. b5 Rc8 17. Rc1 Nxc4 18. Bxc4 Kh8 19. Qb3 Bf6 20. Rfd1 fxe4 21. fxe4 Bg4 22. Rf1 Qd7 23. Rc2 Rc7 24. Rcf2 Rfc8 25.
Rc2 Bg7 26. Rfc1 Qd6 27. h3 Bd7 28. Be2 g5 29. Bxg5 Rxc2 30. Rxc2 Rxc2 31. Qxc2 Bh6 32. Bxh6 Qxh6 33. Qc3 Qf4 34. g3 Qxe4 35. Bf3 Qd4+ 36. Qxd4 exd4 37. Kf2 Bf5 38. g4 Bc2 39. Ke1 Bxa4 40.
Be2 Bc2 41. Kd2 Be4 42. Bc4 Kg7 43. h4 Kf6 44. g5+ Ke5 45. h5 Bf3 46. Be2 Bxe2 47. Kxe2 Kf5 48. g6 hxg6 49. h6 Kf6 50. Kd3 g5 51. Kxd4 Kg6 52. Ke5 Kxh6 53. Ke6 g4 54. Kxe7 g3 55. d6 g2 56. d7 g1=Q 57. d8=Q Qg5+ 58. Kd7 Qxb5+ 59. Kc7 Qc5+ 60. Kb7 b5 61. Qf6+ Kh5 62. Qh8+ Kg5 63. Qg7+ Kf5 64. Qh7+ Ke6 65. Qg6+ Kd5 66. Qf5+ Kc4 67. Qc2+ Kb4 68. Qb2+ Ka4 69. Qa2+ Qa3 70. Qc2+ Qb3 71. Qe4+ Qb4 72. Qc2+ Qb3 73.
Qe4+ b4 74. Kxa7 Qc3 75. Qe8+ Ka3 76. Qe7 Ka2 77. Ka6 b3 78. Qe6 Ka1 79. Kb5 b2 80. Qa6+ Kb1 81. Qg6+ Kc1 82. Qg1+ Kc2 83. Qg6+ 1-0

[Event "Late-Titled-Tuesday-Blitz-August-29-2023"]
[Site "Chess.com"]
[Date "2023.08.29"]
[Round "3"]
[White "MITerryble"]
[Black "dedpihto_v_kozhanom_palto"]
[Result "1-0"]
[WhiteElo "2927"]
[BlackElo "2694"]
[TimeControl "180+1"]
[EndTime "14:29:18 PDT"]
[Termination "MITerryble won by resignation"]

1. e4 g6 2. d4 Bg7 3. Nf3 d6 4. Bc4 Nc6 5. O-O Nf6 6. e5 dxe5 7. dxe5 Qxd1 8. Rxd1 Ng4 9. e6 Bxe6 10. Bxe6 fxe6 11.
c3 O-O 12. Na3 Rad8 13. Bg5 h6 14. Bh4 Bf6 15. Bg3 Nge5 16. Nxe5 Bxe5 17. Nb5 Bxg3 18. hxg3 a6 19. Na3 Rxd1+ 20. Rxd1 Rd8 21. Re1 Kf7 22.
Kf1 Rd2 23. Nc4 Rc2 24. Rb1 b5 25. Ne3 Rd2 26. Ke1 Rd8 27. Ke2 h5 28. g4 hxg4 29. Nxg4 e5 30. Rh1 Kg7 31. Ne3 e6 32. g3 a5 33. Rh4 Rd7 34. a4 b4 35. Rc4 Rd6 36.
Rc5 bxc3 37. bxc3 Ne7 38. Rxc7 Kf8 39. Nc4 Rd5 40. Nb6 Rd6 41. Nd7+ Ke8 42. Nxe5 Rb6 43. Ra7 Nd5 44. c4 Rb2+ 45. Kf3 Rb3+ 46. Kg2 Nc3 47. Rxa5 Rb2 48. Ra8+ Ke7 49. Nxg6+ Kf6 50. Nf4 Ne4 51. Nh3 Rc2 52. a5 Rxc4 53. a6 Ra4 54. a7 Kg7 55. Nf4 Nc5 56. Nh5+ Kh7 57. Nf6+ Kg7 58. Rg8+ Kxf6 59. a8=Q Rxa8 60. Rxa8 Nd3 61. Ra4 Nc5 62. Rc4 Nd3 63. Rd4 Ne5 64. f4 Nc6 65.
Rc4 Ne7 66. Kf3 Nf5 67. g4 Nd6 68. Rc6 Nf7 69. Ke4 Ke7 70. Rc7+ Kf6 71. Rxf7+ Kxf7 72. Ke5 Ke7 73. g5 Kf7 74. Kd6 e5 1-0

[Event "Late-Titled-Tuesday-Blitz-August-29-2023"]
[Site "Chess.com"]
[Date "2023.08.29"]
[Round "3"]
[White "dodoucb"]
[Black "Orest_Vovk"]
[Result "1/2-1/2"]
[WhiteElo "2432"]
[BlackElo "2584"]
[TimeControl "180+1"]
[EndTime "14:29:19 PDT"]
[Termination "Game drawn by repetition"]

1. Nf3 g6 2. c4 Bg7 3. Nc3 Nf6 4.
d4 O-O 5. e4 d6 6. Be2 a5 7. O-O Na6 8. Be3 c6 9. e5 Nd7 10. exd6 exd6 11. Qd2 Re8 12. Rfe1 Nf8 13. Bg5 Bf6 14. h3 Bf5 15. a3 Nc7 16. Bf1 Bxg5 17. Nxg5 Qf6 18. Nge4 Bxe4 19. Nxe4 Qd8 20. Qf4 Re6 21.
Ng5 Rf6 22. Qh4 Rf5 23. f4 Qf6 24. Rad1 Rxf4 25. Qg3 Rxd4 26. Ne4 Qe5 27. Qf3 Rxd1 28. Rxd1 d5 29. Nc5 b6 30. Nd3 Qe4 31. Qxe4 dxe4 32. Ne5 c5 33. Rd6 Re8 34. Ng4 Re6 35.
Nf6+ Kg7 36. Rxe6 Nfxe6 37. Nxe4 Nd4 38. Nc3 Kf6 39. Na4 Na8 40. Kf2 Ke5 41. g3 Kd6 42.
Bg2 Nc6 43. Ke3 Nc7 44. Nxb6 Ne5 45. Bf1 f5 46. Kf4 Ne6+ 47. Ke3 Nd4 48. Kd2 g5 49.
Kc3 f4 50. gxf4 gxf4 51. b4 axb4+ 52. axb4 Ne6 53. b5 f3 54. Nd5 Nd4 55. Ne3 h5 56. h4 Ng6 57. Kd3 Nxh4 58. Ke4 Ng6 59. Nf5+ Nxf5 60. Kxf5 Ne5 61. Kg5 Nd7 62. Kxh5 Ke5 63.
Bh3 Nb6 64. Kg4 Ke4 65. Bf1 Ke3 66. Kg3 f2 67. Kg2 Na4 68. Kg3 Nb6 69. Kg2 Nd7 70.
Kg3 Nb6 1/2-1/2

[Event "Late-Titled-Tuesday-Blitz-August-29-2023"]
[Site "Chess.com"]
[Date "2023.08.29"]
[Round "3"]
[White "Jospem"]
[Black "bascheyaro"]
[Result "1/2-1/2"]
[WhiteElo "3053"]
[BlackElo "2813"]
[TimeControl "180+1"]
[EndTime "14:29:24 PDT"]
[Termination "Game drawn by repetition"]

1. e4 e6 2. d4 d5 3. Nd2 c5 4. Ngf3 Nc6 5. dxc5 Bxc5 6. Bd3 Nf6 7. Qe2 h6 8. c3 a6 9. O-O b5 10. e5 Nd7 11.
Nb3 Ba7 12. Nbd4 Bb7 13. Bf4 Qe7 14. Nxc6 Bxc6 15. Nd4 Rc8 16. a4 Bxd4 17. cxd4 Qb4 18. Be3 bxa4 19. Rfc1 O-O 20. Bxa6 Bb7 21. Bd3 Rxc1+ 22.
Rxc1 Rc8 23. Rxc8+ Bxc8 24. h4 Nb6 25. Qd2 Qxd2 26.
Bxd2 Nc4 27. Bc3 Ba6 28. Kh2 Bb5 29. Bc2 Nb6 30. Ba5 Nc4 31. Bc3 Nb6 32. g4 g6 33. Kg3 Kg7 34. Ba5 Nc4 35. Bc3 Nb6 36. f4 Nc4 37. Kf2 Bd7 38. h5 gxh5 39. gxh5 f5 40.
b3 Na3 41. Bd1 Nb5 42. Ba1 a3 43. Ke3 Be8 44. Kd3 Kf8 45. Kc2 Ke7 46. b4 Kd8 47.
Kb3 Kc7 48. Be2 Kb6 49. Bd1 Bf7 50. Be2 Be8 51. Ka2 Kb7 52. Kb3 Ka6 53. Bc3 Kb6 54.
Ba1 Bf7 55. Kc2 Na7 56. Kb3 Nb5 57. Bd1 Be8 58. Bf3 Bc6 59. Be2 Bb7 60. Bxb5 Kxb5 61. Kxa3 Bc6 62. Bc3 Be8 63. Be1 Bxh5 64. Bh4 Bd1 65.
Be1 Kc4 66. Bf2 h5 67. Kb2 Kxb4 68. Kc1 Bg4 69. Kd2 Kc4 70. Ke3 Kc3 71. Bh4 Kc2 72.
Bg3 Bh3 73. Bh4 Bg2 74. Bg3 Be4 75. Bh4 Kd1 76. Bg3 Kc1 77. Bh4 Kc2 78. Bg3 Kc3 79. Bh4 Kc2 80. Bg3 Kb3 81. Bh4 Kc4 82. Bg3 Kc3 83. Bh4 Kc2 1/2-1/2

[Event "Late-Titled-Tuesday-Blitz-August-29-2023"]
[Site "Chess.com"]
[Date "2023.08.29"]
[Round "3"]
[White "Korchmar_Vasiliy"]
[Black "ckgchess"]
[Result "1/2-1/2"]
[WhiteElo "2689"]
[BlackElo "2901"]
[TimeControl "180+1"]
[EndTime "14:29:30 PDT"]
[Termination "Game drawn by repetition"]

1. e4 c6 2. d4 d5 3. exd5 cxd5 4.
Bd3 Nf6 5. h3 Nc6 6. c3 e5 7.
dxe5 Nxe5 8. Qe2 Ne4 9. Bb5+ Bd7 10. Nf3 Bxb5 11. Qxb5+ Qd7 12. Qxd7+ Nxd7 13. Be3 Bc5 14. Bxc5 Ndxc5 15. O-O O-O-O 16. Nbd2 Rhe8 17. Nb3 Nd3 18. Rab1 Kb8 19. Nc1 Nf4 20. Rd1 Nc5 21. Nb3 Ne4 22. Kf1 g5 23. Rd4 h5 24. h4 g4 25. Ng5 f6 26.
Nxe4 Rxe4 27. Rbd1 Rde8 28. g3 Nh3 29. Rxd5 Re2 30.
R5d2 R2e5 31. Nc1 f5 32. Nd3 Ra5 33. a3 Re4 34. Re2 Rd5 35. Red2 a5 36. b4 Rc4 37. Nc5 Rxd2 38. Rxd2 Rxc3 39. Rd7 Rc1+ 40. Ke2 axb4 41. axb4 Rc2+ 42. Ke3 Kc8 43. Rf7 Rc3+ 44. Kd4 Rf3 45.
Nxb7 Nxf2 46. Nd6+ Kd8 47. b5 Ne4 48. Nxe4 fxe4 49.
Rh7 Rxg3 50. Kxe4 Rb3 51. Rxh5 g3 52. Rg5 Ke7 53. Kf4 Kf6 54. Rxg3 Rxb5 55. Rc3 Rb4+ 56. Kg3 Kg7 57. Rc7+ Kg6 58. Rc6+ Kf5 59. Rc5+ Kf6 60.
Rc6+ Kf7 61. Rc3 Ra4 62. Rf3+ Kg6 63. Re3 Kf5 64. Rc3 Rg4+ 65. Kh3 Ra4 66. Rf3+ Kg6 67. Rg3+ Kh5 68. Rg5+ Kh6 69. Rd5 Ra3+ 70. Kg4 Ra4+ 71.
Kg3 Ra3+ 72. Kg4 Ra4+ 73. Kg3 Ra3+ 74. Kg4 1/2-1/2

[Event "Late-Titled-Tuesday-Blitz-August-29-2023"]
[Site "Chess.com"]
[Date "2023.08.29"]
[Round "3"]
[White "roxannyzoldyck"]
[Black "IMGC"]
[Result "0-1"]
[WhiteElo "2184"]
[BlackElo "2406"]
[TimeControl "180+1"]
[EndTime "14:29:31 PDT"]
[Termination "IMGC won on time"]

1. e4 e5 2. Nf3 Nf6 3. Bc4 d6 4.
d3 Be7 5. c3 O-O 6. Nbd2 c6 7.
Bb3 h6 8. O-O Nbd7 9. Re1 Nc5 10. Bc2 Ne6 11. Nf1 Re8 12. d4 Nd7 13. Ng3 Bf8 14.
Nf5 Kh7 15. d5 Nf4 16. Bxf4 exf4 17. dxc6 bxc6 18. Nxd6 Re6 19. e5+ Kg8 20. Bf5 Re7 21.
Qd2 Nxe5 22. Nxe5 Bxf5 23. Qxf4 Qxd6 24. Qxf5 Rae8 25. Nf3 Rxe1+ 26. Rxe1 Rxe1+ 27. Nxe1 Qd2 28. Qe4 Qxb2 29. Qxc6 Qxa2 30. h3 a5 31. Nf3 a4 32.
Nd4 a3 33. Qe8 Qa1+ 34. Kh2 Qxc3 35. Nf5 Qc7+ 36. g3 a2 37. Qa8 g6 38. Nxh6+ Kg7 39. Ng4 Qc2 40. Kg2 Qb2 41. Nf6 Kxf6 42. Qxf8 Qb7+ 43. Kh2 Ke6 44. Qh8 Qa7 45. Qe8+ Kd5 46.
Qd8+ Kc4 47. Qc8+ Kb3 48. Qc1 Qa3 49. Qd1+ Kb4 50. Qa1 Qb3 51. Qd4+ Ka3 52. Qa1 Qb2 53. Qe1 a1=Q 54. Qa5+ Kb3 55. Qb6+ Kc2 56. Qe3 Kb1 57.
Qe2 Qxe2 58. h4 Qab2 59. Kh3 Qxf2 60. h5 Qg2+ 61. Kg4 Qh2 0-1

[Event "Late-Titled-Tuesday-Blitz-August-29-2023"]
[Site "Chess.com"]
[Date "2023.08.29"]
[Round "3"]
[White "HansOnTwitch"]
[Black "AvitalBor"]
[Result "1-0"]
[WhiteElo "3007"]
[BlackElo "2741"]
[TimeControl "180+1"]
[EndTime "14:29:35 PDT"]
[Termination "HansOnTwitch won by resignation"]

1. e4 e6 2. d4 d5 3. Nc3 Nf6 4. e5 Nfd7 5. f4 c5 6. Nf3 Nc6 7. Be3 a6 8. Ne2 b5 9. c3 Bb7 10. g3 cxd4 11. cxd4 Rc8 12. Bh3 g6 13. O-O h5 14.
Nc1 Qb6 15. b3 a5 16. Nd3 Nb4 17. Nfe1 Be7 18. Nxb4 Bxb4 19. Nf3 Be7 20. Rf2 b4 21. Rc1 O-O 22. Rfc2 Rxc2 23. Rxc2 Rc8 24. Bf1 Nb8 25. h3 Rxc2 26. Qxc2 Ba6 27. Bxa6 Qxa6 28. g4 hxg4 29. hxg4 Qc6 30. Qd3 Qa6 31. Qd1 a4 32.
Kf2 axb3 33. axb3 Qa2+ 34. Kg3 Nc6 35. Qd3 Na5 36. Nd2 Qa1 37. Kf2 Bh4+ 38. Kg2 Qc3 39. Qxc3 bxc3 40. Nb1 c2 41. Na3 Nxb3 42. Nxc2 Be7 43.
Kf3 Kf8 44. Ke2 Ke8 45. Kd3 Na5 46. Bc1 Nc4 47. Ne1 Kd7 48. Nf3 Kc6 49. Ng1 Kb5 50. Ne2 Kb4 51. f5 gxf5 52. gxf5 Kb3 53. f6 Bf8 54. Ng1 Nb6 55. Nf3 Nc4 56. Bf4 Nb2+ 57. Ke3 Kc3 58. Ng5 Nc4+ 59. Kf3 Kxd4 60. Nxf7 Kd3 61.
Ng5 d4 62. Nxe6 Ba3 63. f7 Kc3 64. Ke4 d3 65. Nd4 d2 66. Nb5+ Kb3 67. Bxd2 Nxd2+ 68. Kd3 Nc4 69. e6 Ne5+ 70. Ke4 Nxf7 71. exf7 Bf8 72. Kd5 Kb4 73. Nd4 Bh6 74. Ne6 Kb5 75. Kd6 Kc4 76.
Ke5 Kb5 77. Kf6 Kc6 78. Kg6 Kd6 79. Kxh6 Kxe6 80. Kg7 Ke7 81. f8=Q+ 1-0

[Event "Late-Titled-Tuesday-Blitz-August-29-2023"]
[Site "Chess.com"]
[Date "2023.08.29"]
[Round "3"]
[White "BrandonJacobson"]
[Black "Goryachkina"]
[Result "1/2-1/2"]
[WhiteElo "2998"]
[BlackElo "2645"]
[TimeControl "180+1"]
[EndTime "14:29:55 PDT"]
[Termination "Game drawn by repetition"]

1. d4 Nf6 2. c4 e6 3. Nf3 d5 4. g3 Bb4+ 5. Nbd2 O-O 6. Bg2 b6 7.
O-O Bb7 8. Ne5 Re8 9. Ndf3 h6 10. Qc2 Bf8 11. Bf4 Nbd7 12. Nxd7 Qxd7 13. Ne5 Qe7 14.
Rac1 c5 15. cxd5 Nxd5 16. dxc5 Nxf4 17. gxf4 Bxg2 18. Kxg2 bxc5 19. Qe4 Rab8 20. b3 Rb4 21. Rc4 Rxc4 22. Nxc4 Rd8 23. e3 Qh4 24. Qf3 Rd5 25.
Rd1 Qd8 26. Rc1 Qh4 27. Rc2 g5 28. Qg3 Qh5 29. Ne5 Bg7 30. Qf3 g4 31. Nxg4 Qg6 32. e4 Rd4 33. Kf1 Rxe4 34. Rxc5 Rd4 35. Ne3 Rd2 36. f5 exf5 37. Rc8+ Kh7 38. Qxf5 Rxa2 39. Rc7 Qxf5 40. Nxf5 Kg6 41. Ne7+ Kf6 42. Nc6 a6 43. Nd8 Kg6 44. Nxf7 Bd4 45. f4 Rf2+ 46. Ke1 Rxf4 47. Nd8 Rh4 48. Rc6+ Kh7 49. Ne6 Bb2 50. Rxa6 Rxh2 51.
Kf1 Bc3 52. Nc5 Rb2 53. Ra7+ Kg6 54. Rb7 h5 55. Ne4 Bd4 56. Rb5 h4 57. Rg5+ Kh6 58. Rd5 Be3 59. Rd3 Bf4 60. Nc5 Bg3 61. Ne4 Kh5 62. Nxg3+ hxg3 63. Rxg3 Kh4 64. Rc3 Kg4 65. Ke1 Kf4 66. Kd1 Ke5 67. Kc1 Rh2 68. Rd3 Ke4 69. Rd8 Ke5 70. Kb1 Ke6 71. Rd3 Ke5 72. Kc1 Ke4 73.
Rd8 Ke5 74. Rd7 Ke6 75. Rd8 Ke5 1/2-1/2

[Event "Late-Titled-Tuesday-Blitz-August-29-2023"]
[Site "Chess.com"]
[Date "2023.08.29"]
[Round "3"]
[White "KaydenTroffChess"]
[Black "Andreikka"]
[Result "1-0"]
[WhiteElo "2791"]
[BlackElo "3023"]
[TimeControl "180+1"]
[EndTime "14:29:56 PDT"]
[Termination "KaydenTroffChess won by resignation"]

1. d4 d5 2. Nf3 Nf6 3. Bf4 c5 4. e3 cxd4 5. Nxd4 Nbd7 6. Bg3 Ne4 7.
Nd2 Nxg3 8. hxg3 g6 9. c4 dxc4 10. Bxc4 Ne5 11. Bb5+ Bd7 12. O-O Bg7 13. N2f3 O-O 14.
Nxe5 Bxe5 15. Bxd7 Qxd7 16. Nf3 Bd6 17. Qb3 Rac8 18.
Rfd1 Rc5 19. Rd5 Rfc8 20. Rad1 a5 21. Ng5 a4 22. Qd3 Rxd5 23. Qxd5 Qf5 24. Ne4 Qxd5 25. Rxd5 Rc1+ 26. Kh2 Rc2 27. Rb5 Bc7 28. Rxb7 f5 29.
Ng5 Be5 30. f4 Bxb2 31. Rxe7 Bf6 32. Re8+ Kg7 33. Nf3 Rxa2 34. Ra8 a3 35. Ra7+ Kf8 36.
Ra8+ Ke7 37. Ra7+ Kd8 38. Rxh7 Re2 39. Ra7 Rxe3 40. Nh4 Kc8 41. Nxg6 Kb8 42. Ra4 Kb7 43. Nh4 Kb6 44. Nxf5 Kb5 45. Ra8 Rd3 46. g4 Bd8 47.
g5 Ba5 48. g6 a2 49. g7 a1=Q 50. g8=Q Qf6 51. Qb8+ Ka4 52. Qe5 Qxe5 53. fxe5 Rd5 54. Nd6 Rxe5 55. Nc4 Rh5+ 56. Kg3 Kb4 57. Rxa5 Rh7 58.
Rg5 Kxc4 59. Kf4 Kd4 60. g4 Rh1 61. Rf5 Rh8 62. Rf6 Kd5 63. g5 Rh1 64. Kf5 Rg1 65. Kg6 Ke5 66. Rf2 Ke6 67. Re2+ Kd7 68. Kf6 Rg3 69.
g6 Rg1 70. Kf7 Rf1+ 71. Kg7 Rg1 72. Kf7 Rf1+ 73. Kg8 Rg1 74. g7 Rg3 75. Re4 Rg1 76. Kf7 Rf1+ 77. Kg6 Rg1+ 78. Kf6 Rf1+ 79. Kg5 Rg1+ 80.
Rg4 1-0

[Event "Late-Titled-Tuesday-Blitz-August-29-2023"]
[Site "Chess.com"]
[Date "2023.08.29"]
[Round "3"]
[White "GMG"]
[Black "Msb2"]
[Result "1-0"]
[WhiteElo "2760"]
[BlackElo "3009"]
[TimeControl "180+1"]
[EndTime "14:30:02 PDT"]
[Termination "GMG won by checkmate"]

1. d4 d5 2. Nf3 e6 3. g3 Nf6 4.
Bg2 Bd6 5. b3 O-O 6. Bb2 a5 7.
c4 a4 8. c5 Be7 9. b4 b6 10.
Ne5 bxc5 11. bxc5 Nfd7 12. Nd3 Nc6 13. O-O Ba6 14. f4 Bxd3 15. Qxd3 Bf6 16. Rc1 a3 17. Bc3 Qe7 18. Nd2 Rfb8 19. e3 Rb2 20. Nb3 Qd8 21.
Rd1 Qb8 22. Bxb2 axb2 23. Rab1 Rxa2 24. Rd2 g6 25. Rdxb2 Rxb2 26. Rxb2 Nxc5 27. Qc2 Na4 28. Rb1 Nb4 29. Qd2 Nc6 30. Qc1 Qe8 31. Bf1 Ne7 32.
Qxc7 Kg7 33. Na5 Nf5 34. Kf2 Bd8 35. Qc6 Qxc6 36. Nxc6 Nc3 37. Rb8 Ne4+ 38. Kf3 Bc7 39. Rb7 Bd6 40. Bd3 Nf6 41. Ne5 Bxe5 42. fxe5 Ng8 43.
Bxf5 gxf5 44. g4 fxg4+ 45. Kxg4 Nh6+ 46. Kf4 Nf5 47. Rb4 Ne7 48. Rb7 Nf5 49. h3 Kg6 50. Rb8 Kg7 51. Re8 h6 52. Rb8 Kh7 53. Rb1 Kg7 54.
Rg1+ Kh7 55. Rg4 Kh8 56. h4 Kh7 57. h5 Ng7 58. Rh4 Nf5 59. Rh3 Kg7 60. Rh2 Kh7 61. Rg2 Ng7 62. Kg4 Nf5 63. Re2 Kg7 64. Re1 Kh7 65.
Kf4 Ng7 66. Rh1 Nf5 67. Kf3 Kg7 68. Rg1+ Kh7 69. Ke2 Ng7 70. Rh1 Nf5 71. Kd3 Ng3 72.
Rh3 Ne4 73. Rf3 Kg7 74. Kc2 f6 75. Kd3 fxe5 76. dxe5 Ng5 77. Rf1 Nf7 78. Kd4 Ng5 79. Rf6 Kh7 80. Rg6 Nf3+ 81. Kc5 Ng5 82. Kd6 Ne4+ 83. Kxe6 Nc5+ 84. Kxd5 Nd7 85. Rd6 Nf8 86. e6 Kg8 87. e7 Kh7 88. exf8=R Kg7 89. Ra8 Kf7 90. Ra7+ Ke8 91. Rb6 Kd8 92. Rb8# 1-0

[Event "Late-Titled-Tuesday-Blitz-August-29-2023"]
[Site "Chess.com"]
[Date "2023.08.29"]
[Round "3"]
[White "LeninGuerra"]
[Black "cottage_cheese"]
[Result "1-0"]
[WhiteElo "2538"]
[BlackElo "2282"]
[TimeControl "180+1"]
[EndTime "14:30:08 PDT"]
[Termination "LeninGuerra won on time"]

1. e4 e5 2. Nf3 Nc6 3. d4 exd4 4. Bc4 Nf6 5. e5 d5 6. Bb5 Ne4 7. Nxd4 Bd7 8. Bxc6 bxc6 9. O-O Be7 10. f3 Ng5 11. Be3 c5 12. Nb3 Bb5 13. Re1 Ne6 14. Nc3 Bc6 15. Na5 d4 16. Nxc6 Qd7 17. Nxe7 Qxe7 18. Nd5 Qd7 19. c4 dxe3 20. Rxe3 c6 21. Nc3 Rd8 22.
Qxd7+ Rxd7 23. Ne4 Rd4 24. Nd6+ Kf8 25. Rb3 g6 26. Rb8+ Kg7 27. Rxh8 Kxh8 28. Nxf7+ Kg7 29. Nd6 Rd2 30. b3 Nf4 31. Ne4 Rxg2+ 32. Kh1 Re2 33. Rd1 Kf7 34. Nxc5 Rxa2 35. Rd7+ Ke8 36. h4 Re2 37.
Rxh7 Rxe5 38. Nb7 Rh5 39. Nd6+ Kd8 40. Rxa7 Rxh4+ 41. Kg1 Ne2+ 42. Kf2 Nd4 43. b4 Rh2+ 44. Ke3 Nc2+ 45. Kf4 Nxb4 46. Nf7+ Kc8 47. Ne5 Rh4+ 48.
Kg5 Rd4 49. Kxg6 Nd3 50. Nf7 Rxc4 51. Nd6+ Kb8 52. Rb7+ Ka8 53. Rb3 Ne5+ 54. Kf6 Rc5 55. f4 Nc4 56. Ne8 Ka7 57. f5 Ka6 58. Ng7 Ne3 59.
Ke6 Nxf5 60. Nxf5 Rb5 61. Ra3+ Kb6 62. Rc3 c5 63. Nd6 Rb4 64. Kd5 c4 65. Nxc4+ Kb5 66. Ne5 Ka4 67. Nc6 Rb5+ 68. Kd6 Rb6 69. Kc5 Rb5+ 70.
Kd6 Rb6 71. Kc7 Rb5 72. Nd4 Rb4 73. Rd3 Rc4+ 74. Kd6 Kb4 75. Kd5 Rc3 76. Nc6+ Kb3 77. Rd4 Kc2 78. Ne5 Kb2 79. Rh4 Rb3 80. Nc4+ Ka2 81.
Kd4 Rb4 82. Rh2+ Kb1 83. Kc3 Rb8 84. Rh1+ Ka2 85. Rd1 Rb3+ 86. Kc2 1-0

[Event "Late-Titled-Tuesday-Blitz-August-29-2023"]
[Site "Chess.com"]
[Date "2023.08.29"]
[Round "3"]
[White "Zavgorodniy_Sergiy"]
[Black "Chemim21"]
[Result "1-0"]
[WhiteElo "2540"]
[BlackElo "2305"]
[TimeControl "180+1"]
[EndTime "14:30:10 PDT"]
[Termination "Zavgorodniy_Sergiy won on time"]

1. d4 d5 2. c4 dxc4 3. e3 e6 4.
Bxc4 a6 5. Nf3 b5 6. Be2 Bb7 7. O-O Nd7 8. a4 b4 9. b3 a5 10. Bb2 Ngf6 11. Nbd2 c5 12. Rc1 Rc8 13. Bb5 Bd6 14. Ne5 Bxe5 15. dxe5 Nd5 16. Nc4 O-O 17. Nd6 Rc7 18. Nxb7 Rxb7 19. Bc6 Rc7 20. Bxd5 exd5 21. Qxd5 Nb6 22. Qe4 Qe8 23. Rfd1 Qe6 24. Qd3 c4 25. bxc4 Nxa4 26. Bd4 Nc5 27. Qc2 b3 28. Qc3 a4 29.
Qb4 Qc6 30. Bxc5 Qxc5 31. Qxa4 Qxe5 32. Qxb3 Rfc8 33. Rc2 h5 34. h4 Qe4 35. g3 Rxc4 36.
Rxc4 Qxc4 37. Rd8+ Kh7 38. Qxc4 Rxc4 39. Rd7 Kg6 40.
Kg2 f6 41. Rd5 Rc2 42. Ra5 Rb2 43. Ra6 Rc2 44. Ra8 Rc3 45. Rh8 Rc5 46. Kf3 Rf5+ 47. Ke2 Rb5 48. Rd8 Rb2+ 49. Rd2 Rb3 50. Kf3 Rb5 51.
Rd4 Rf5+ 52. Kg2 Rc5 53. Rf4 Rb5 54. Ra4 Rc5 55. e4 Rc2 56. Ra3 Rc4 57. Re3 Rc5 58. Kf3 Re5 59. Kf4 Re7 60. Rd3 Re5 61.
Rd5 Re6 62. e5 fxe5+ 63. Rxe5 Rf6+ 64. Ke3 Rb6 65. Rg5+ Kh6 66. Rc5 g6 67. Kf3 Rf6+ 68. Kg2 Rb6 69. Rc8 Rb3 70. Rh8+ Kg7 71. Ra8 Kh6 72. Ra5 Rb4 73. Ra3 Rb5 74. f3 Rb2+ 75. Kh3 Rc2 76. g4 hxg4+ 77. fxg4 Rc5 78. Kg3 Rb5 79. Rf3 g5 80. h5 Rb4 81. Rf6+ Kh7 82.
Rg6 Rb5 83. Re6 Rb3+ 84. Kf2 Rb4 85. Kf3 Rb3+ 86. Re3 Rb4 87. Ra3 Rf4+ 88. Kg3 Rc4 89. Ra7+ Kh6 90. Ra6+ Kh7 91. Rg6 Rc3+ 92. Kf2 Rc5 93. Kf3 Rc3+ 94. Ke4 Rg3 95. Rxg5 Kh6 96. Rg6+ Kh7 97. Kf4 Rg1 98. Kg5 Rf1 99. Ra6 Rc1 100. Ra7+ Kg8 101. h6 Rc5+ 102. Kh4 Kh8 103. g5 1-0

[Event "Late-Titled-Tuesday-Blitz-August-29-2023"]
[Site "Chess.com"]
[Date "2023.08.29"]
[Round "3"]
[White "GMKrikor"]
[Black "Nf3c5"]
[Result "1-0"]
[WhiteElo "2886"]
[BlackElo "2613"]
[TimeControl "180+1"]
[EndTime "14:30:15 PDT"]
[Termination "GMKrikor won by resignation"]

1. Nf3 d5 2. c4 c6 3. d4 Nf6 4. Nc3 g6 5. cxd5 cxd5 6. Bf4 Bg7 7. e3 O-O 8. h3 Nc6 9. Be2 Bf5 10.
O-O Ne4 11. Rc1 Nxc3 12. Rxc3 Qa5 13. Qb3 Qb6 14. Qa3 Qd8 15. Rfc1 Re8 16. Bb5 Bd7 17. Bxc6 Bxc6 18. Ne5 Bxe5 19. Bxe5 f6 20. Bg3 e5 21. Rd1 Qe7 22. Qb3 Qe6 23. Qc2 a6 24.
Rc5 Rad8 25. Qc3 Rd7 26. b3 Rde7 27. a4 Rd7 28. Rc1 Red8 29. Rd1 Re7 30. Qa5 Rde8 31. Rcc1 Qd7 32. Qb6 exd4 33. Rxd4 Re4 34. Rcd1 Rxd4 35.
Qxd4 Kf7 36. Qc5 Qe7 37. Qb6 Qd8 38. Qa7 Qe7 39. Rc1 d4 40. Qxd4 Rd8 41. Qc4+ Kg7 42.
Qc3 Qe4 43. f3 Qd3 44. e4 Qxc3 45. Rxc3 Rd1+ 46. Kh2 Rb1 47. Bf2 Kf7 48. Bd4 g5 49. Kg3 h5 50. h4 Kg6 51. Be3 Rb2 52. hxg5 fxg5 53. Rc5 g4 54. Rg5+ Kf6 55. Rxh5 Rxb3 56. Kf4 gxf3 57. gxf3 Ra3 58. a5 Kg6 59. Rg5+ Kf7 60.
Bd4 Bb5 61. Rh5 Be2 62. Be3 Kg6 63. Rg5+ Kf6 64. Rf5+ Ke6 65. Rh5 Rb3 66. Rh6+ Kf7 67. Rb6 Bb5 68. Rxb7+ Ke6 69. Rb6+ Kf7 70. Rh6 Be2 71. Rh2 Bd1 72. Rd2 Rb1 73. Ke5 Bxf3 74. Rf2 Rb5+ 75. Kd4 Rb4+ 76. Kc3 Rxe4 77. Rxf3+ Ke6 78.
Bb6 Ra4 79. Rf1 Ra3+ 80. Kc4 Rh3 81. Rd1 Rh4+ 82. Kc5 Rh5+ 83. Kc6 Rh7 84. Re1+ Kf5 85. Re2 Kf4 86. Re6 Kf5 87. Re1 Kf4 88. Re2 Kf3 89.
Re8 Kf4 90. Bc7+ Kf5 91. Kb6 Rh6+ 92. Kb7 Rg6 93. Bb6 Kf4 94. Kxa6 1-0

[Event "Late-Titled-Tuesday-Blitz-August-29-2023"]
[Site "Chess.com"]
[Date "2023.08.29"]
[Round "3"]
[White "Sanan_Sjugirov"]
[Black "NigelDwarf"]
[Result "1-0"]
[WhiteElo "2856"]
[BlackElo "2533"]
[TimeControl "180+1"]
[EndTime "14:30:21 PDT"]
[Termination "Sanan_Sjugirov won by resignation"]

1. d4 Nf6 2. Nf3 c5 3. d5 b5 4.
Bg5 g6 5. d6 Bb7 6. e3 Bg7 7. dxe7 Qxe7 8. Bxb5 O-O 9. O-O d5 10.
Be2 Nc6 11. Nbd2 h6 12. Bh4 Rfd8 13. c3 g5 14. Bg3 Ne4 15. Nxe4 dxe4 16. Nd2 Ne5 17.
Bxe5 Bxe5 18. g3 f5 19. Qb3+ Kh8 20. Nc4 Bf6 21. Rad1 f4 22. Bg4 Bd5 23. Qa4 Qf7 24.
Rxd5 Qxd5 25. Qa6 Bg7 26. Qg6 Qxc4 27. Bf5 Qg8 28. Bxe4 Rf8 29. exf4 Rf6 30. Qh5 Re8 31.
fxg5 Rd6 32. Bf5 Re5 33. g4 Bf8 34. g6 Qg7 35. Qh3 Rxg6 36. Bxg6 Qxg6 37. Qf3 Bg7 38.
h3 Rg5 39. Re1 h5 40. Re4 hxg4 41. hxg4 Re5 42. Rf4 Qb1+ 43. Kg2 Qg6 44. Qh3+ Kg8 45. Qf3 Rg5 46. a4 Kh7 47. b4 Be5 48. Re4 cxb4 49. cxb4 Bg7 50. b5 Qd6 51. Rf4 Rg6 52. Qe4 Be5 53. Rf7+ Kg8 54. Rf3 Qe6 55. Rf5 Kg7 56.
Qxe5+ Qxe5 57. Rxe5 Rxg4+ 58. Kf3 Rxa4 59. Rc5 Kf6 60.
Ke3 Ke6 61. f4 Kd6 62. Rh5 Ke6 63. Kf3 Kf6 64. Kg4 Rb4 65. Rc5 Ra4 66. Rc6+ Kf7 67. Kg5 Rb4 68. Rc5 Ra4 69. f5 Ra1 70. Rc7+ Ke8 71. Rb7 Rg1+ 72. Kf6 Rb1 73. Kg6 Rg1+ 74.
Kf6 Rb1 75. Ke6 Re1+ 76. Kd6 Rd1+ 77. Ke5 Re1+ 78. Kd4 Rd1+ 79. Ke4 Rb1 80. f6 Rb4+ 81. Ke5 Rb1 82. Ke6 Re1+ 83. Kd6 Rd1+ 84. Kc6 Rc1+ 85. Kd6 Rd1+ 86. Kc7 Rc1+ 87. Kb8 Kd8 88. Kxa7 Ra1+ 89.
Kb6 Rf1 90. f7 Rf6+ 91. Ka7 Kc8 92. Rb8+ Kc7 93. Rb7+ Kd6 94. Rb6+ Ke7 95. Rxf6 Kf8 96. b6 1-0

[Event "Late-Titled-Tuesday-Blitz-August-29-2023"]
[Site "Chess.com"]
[Date "2023.08.29"]
[Round "3"]
[White "VladimirKramnik"]
[Black "Alphafischer2019"]
[Result "1-0"]
[WhiteElo "2944"]
[BlackElo "2512"]
[TimeControl "180+1"]
[EndTime "14:30:28 PDT"]
[Termination "VladimirKramnik won by checkmate"]

1. e4 e6 2. d4 d5 3. exd5 exd5 4. Nf3 Nf6 5. Bd3 c5 6. O-O c4 7. Re1+ Be7 8. Bf1 O-O 9. b3 cxb3 10. axb3 Nc6 11. h3 Re8 12. Bg5 h6 13. Bxf6 Bxf6 14. Rxe8+ Qxe8 15. Nc3 Be6 16. Ne2 Qb8 17. Qd2 Qd6 18.
c3 a6 19. Qf4 Qd8 20. Ng3 Qb8 21. Qd2 Be7 22. Bd3 Bd6 23. Nh5 Qc7 24. Re1 Qd7 25.
Ne5 Nxe5 26. dxe5 Bc5 27. Kh2 Qe7 28. f4 Qh4 29. Ng3 Re8 30. b4 Bb6 31. Rf1 Bd7 32.
Ne2 f6 33. Bc2 fxe5 34. Qxd5+ Be6 35. Qxb7 Bd8 36. Qe4 Bf7 37. Qh7+ Kf8 38. fxe5 Rxe5 39. Qh8+ Ke7 40. Qxg7 Qh5 41. Ng3 Bc7 42. Qf6+ Ke8 43. Ba4+ Rb5 44. Bxb5+ axb5 45. Qh8+ Kd7 46. Qd4+ Kc8 47.
Qc5 Qg6 48. Qe3 Bc4 49. Rf3 h5 50. Kh1 h4 51. Nf1 Qd6 52. Qe8+ Kb7 53. Qe4+ Bd5 54. Qd3 Qc6 55. Rf2 Bc4 56. Qd4 Bb6 57. Qg7+ Ka6 58. Rf6 Qd5 59. Qg6 Qd8 60. Rxb6+ Qxb6 61. Qxb6+ Kxb6 62. Ne3 Be6 63. Kg1 Kc6 64. Kf2 Kd6 65. Kf3 Ke5 66. Nc2 Kd5 67. Ke3 Kc4 68. Kd2 Bd7 69.
Ne3+ Kb3 70. Nf1 Kc4 71. Ne3+ Kb3 72. Nd5 Bc6 73. Nf4 Be4 74. Ke3 Bc6 75. Kd4 Kc2 76.
Kc5 Be8 77. Kd4 Kd2 78. Nd5 Ke2 79. Ne3 Kd2 80. Nf5 Bc6 81. Nxh4 Ke2 82. Nf3 Kf2 83. Ne5 Be8 84. g4 Kg3 85. g5 Kxh3 86. g6 Bd7 87.
g7 Be6 88. Kc5 Kh4 89. Kd6 Kg5 90. Kxe6 Kh6 91. Kf6 Kh5 92. Kf7 Kh4 93. g8=Q Kh5 94.
Qg4+ Kh6 95. Qh4# 1-0